 Dungeon Crawl Stone Soup version 0.19.4-25-g1b72edd (webtiles) character file.

15633 Jynx the Bludgeoner (level 12, 0/115 HPs)
             Began as a Minotaur Fighter on Feb 28, 2017.
             Was an Elder of Okawaru.
             Slain by a blink frog (8 damage)
             ... on level 1 of the Lair of Beasts.
             The game lasted 00:23:48 (12137 turns).

Jynx the Bludgeoner (Minotaur Fighter)             Turns: 12137, Time: 00:23:49

Health: 0/115      AC: 13    Str: 23    XL:     12   Next: 3%
Magic:  20/20      EV: 12    Int:  5    God:    Okawaru [****..]
Gold:   728        SH:  0    Dex: 10    Spells: 0 memorised, 11 levels left

rFire  + . .     SeeInvis .     z - +1 flail (protect)
rCold  + . .     Gourm    .     D - +0 ring mail of Unambiguity {rElec MR++ MP+9 Dex-3} (curse)
rNeg   . . .     Faith    .     (no shield)
rPois  .         Spirit   .     H - +2 hat
rElec  +         Reflect  .     e - +1 cloak
rCorr  .         Harm     .     s - +0 pair of gloves
MR     ++...                    g - +0 pair of boots "Riviude" {rF+}
Stlth  ..........               (no amulet)
                                (no ring)
                                t - ring of protection from cold

@: no status effects
A: retaliatory headbutt, horns 2
a: Heroism, Renounce Religion


You were on level 1 of the Lair of Beasts.
You worshipped Okawaru.
Okawaru was greatly pleased with you.
You were not hungry.

You visited 3 branches of the dungeon, and saw 14 of its levels.

You collected 728 gold pieces.

Inventory:

Hand Weapons
 z - a +1 flail of protection (weapon)
Armour
 c - a +0 shield
 e - a +1 cloak (worn)
 g - the +0 pair of boots "Riviude" (worn) {rF+}
   (Okawaru gifted it to you on level 11 of the Dungeon)

   It protects you from fire.
 p - a +2 chain mail of magic resistance
 s - a +0 pair of gloves (worn)
 D - the cursed +0 ring mail of Unambiguity (worn) {rElec MR++ MP+9 Dex-3}
   (You found it on level 9 of the Dungeon)

   It affects your dexterity (-3).
   It insulates you from electricity.
   It affects your resistance to hostile enchantments.
   It affects your magic capacity (+9).
   It has a curse placed upon it.
 H - a +2 hat (worn)
Jewellery
 t - a ring of protection from cold (left hand)
 F - a +2 ring of dexterity {unknown}
Wands
 k - a wand of flame (12/48)
 v - a wand of polymorph (6/24)
 y - a wand of slowing (26/48)
 B - a wand of flame (17/48)
Scrolls
 h - 6 scrolls of amnesia
 j - 7 scrolls of recharging
 n - 9 scrolls of teleportation
 q - 5 scrolls of remove curse
 C - 3 scrolls of fear
 I - a scroll of enchant armour
 J - a scroll of silence {unknown}
Potions
 b - 5 potions of agility
 d - 3 potions of might
 m - 5 potions of curing
 o - 2 potions of ambrosia
 w - a potion of flight
 x - a potion of mutation
 A - a potion of resistance {unknown}
 E - 3 potions of magic {unknown}
 G - a potion of cure mutation {unknown}
Books
 a - a book of Clouds

   Spells                             Type                      Level
   a - Mephitic Cloud                 Conjuration/Poison/Air       3
   b - Conjure Flame                  Conjuration/Fire             3
   c - Poisonous Cloud                Conjuration/Poison/Air       6
   d - Freezing Cloud                 Conjuration/Ice/Air          6
   e - Ring of Flames                 Charms/Fire                  7
Comestibles
 f - 9 bread rations
 i - 4 beef jerkies
 l - 11 slices of pizza
 r - 6 meat rations
 u - a chunk of flesh
 K - a royal jelly


   Skills:
 + Level 13.1 Fighting
 + Level 17.1 Maces & Flails
 + Level 6.2 Armour
 + Level 4.2 Dodging
 - Level 3.6 Shields


You had 11 spell levels left.
You didn't know any spells.

Dungeon Overview and Level Annotations

Branches:
Dungeon (12/15)            Temple (1/1) D:4            Lair (1/6) D:10
    Orc (0/2) D:9

Altars:
Ashenzari
Cheibriados
Dithmenos
Elyvilon
Gozag
Hepliaklqana
Kikubaaqudgha
Makhleb
Nemelex Xobeh
Okawaru
Qazlal
Ru
Sif Muna
Trog
Uskayaw
Vehumet
Xom
Yredelemnul
Zin
The Shining One
Lugonu

Shops:
D:4 [

Annotations:
D:6 eXcel's ghost, novice OgBe


Innate Abilities, Weirdness & Mutations

You reflexively headbutt those who attack you in melee.
You have a pair of horns on your head.


Message History

The spiny frog is severely wounded.
You feel sick.
The spiny frog stings you but does no damage.
You closely miss the spiny frog. You headbutt the spiny frog!
The spiny frog is almost dead.
You feel sick. The spiny frog stings you!
* * * LOW HITPOINT WARNING * * *
Your magical contamination has completely faded away.
You bludgeon the spiny frog!!
You kill the spiny frog!
Okawaru accepts your kill.
You feel sick.
You start resting.
You feel sick. x15
You are no longer poisoned.
You start resting.
A blink frog is nearby!
The blink frog gives a loud, deep croak!
The blink frog blinks!
You barely miss the blink frog. The blink frog hits you!
You die...

#..###[.###.##..##.##..##..#####.
#####P..#############..#########.
.................................
.................................
................#######P#.#.####.
.................##.######.#..##.
.................................
................F†...............
####P..########.@#...............
#####..#### #####..............
#.###..##.#########..............
.................................
.................................
.................................
.................F...............
.................................
.................................


You could see a blink frog.

Vanquished Creatures
  An unseen horror (D:11)
  A hill giant (D:10)
  Pikel (D:6)
  A cyclops (D:12)
  A deep elf mage (D:12)
  3 spiny frogs (Lair:1)
  2 kobold demonologists (D:12)
  2 komodo dragons (D:11)
  A troll (D:10)
  Prince Ribbit (D:6)
  3 blink frogs (Lair:1)
  A hippogriff (Lair:1)
  Sigmund (D:5)
  A wraith (D:11)
  4 hogs (D:11)
  11 yaks
  A human (D:11)
  A basilisk (D:12)
  A hungry ghost (D:11)
  Duvessa (D:5)
  2 porcupines (Lair:1)
  2 water moccasins
  5 sky beasts
  3 orc warriors
  A black bear (D:7)
  2 phantoms
  2 ice beasts
  A hornet zombie (D:9)
  3 necrophages
  8 ogres
  11 centaurs
  A crocodile (Lair:1)
  6 big kobolds
  11 bullfrogs
  Dowan (D:5)
  A wyvern skeleton (D:7)
  2 scorpions (D:8)
  6 killer bees (D:10)
  A wight (D:12)
  2 howler monkeys
  6 crimson imps
  3 centaur zombies
  6 hounds
  A jelly (D:11)
  3 quasits
  2 orc priests
  Crazy Yiuf (D:5)
  3 iguanas
  9 orc wizards
  10 worker ants
  A killer bee zombie (D:8)
  A hound zombie (D:9)
  A hound skeleton (D:6)
  A howler monkey zombie (D:5)
  A worker ant zombie (D:5)
  4 gnolls
  A howler monkey skeleton (D:8)
  16 adders
  2 river rats (D:10)
  An adder skeleton (D:4)
  3 worms
  4 dart slugs
  3 leopard geckos
  39 orcs
  16 bats
  7 giant cockroaches
  14 hobgoblins
  18 jackals
  13 kobolds
  6 quokkas
  3 frilled lizards
  9 goblins
  A jackal skeleton (D:7)
  A leopard gecko skeleton (D:5)
  A quokka zombie (D:5)
  17 rats
338 creatures vanquished.

Vanquished Creatures (others)
  A slave (D:6)
  A bullfrog (D:6)
  A crimson imp (D:6)
  An orc wizard (D:6)
  A leopard gecko (D:6)
  An orc (D:6)
  A plant (D:10)
7 creatures vanquished.

Grand Total: 345 creatures vanquished

Notes
Turn   | Place    | Note
-------+----------+-------------------------------------------
     0 | D:1      | Jynx the Minotaur Fighter began the quest for the Orb.
     0 | D:1      | Reached XP level 1. HP: 19/19 MP: 0/0
   143 | D:1      | Reached skill level 3 in Maces & Flails
   227 | D:1      | Reached XP level 2. HP: 27/27 MP: 1/1
   752 | D:1      | Reached XP level 3. HP: 33/33 MP: 2/2
   838 | D:2      | Found a shadowy altar of Dithmenos.
   890 | D:2      | Reached skill level 4 in Maces & Flails
   960 | D:2      | Reached XP level 4. HP: 31/41 MP: 3/3
  1565 | D:2      | Found a faded altar of an unknown god.
  1565 | D:2      | Found a burning altar of Makhleb.
  1570 | D:2      | Found a faded altar of an unknown god.
  1572 | D:2      | Found a faded altar of an unknown god.
  1573 | D:2      | Found a shimmering altar of Xom.
  1683 | D:3      | Found a white marble altar of Elyvilon.
  1689 | D:3      | Found a faded altar of an unknown god.
  1793 | D:3      | Reached skill level 5 in Maces & Flails
  1986 | D:3      | Reached XP level 5. HP: 47/47 MP: 4/4
  2047 | D:3      | Reached skill level 5 in Fighting
  2312 | D:4      | Noticed a phantom
  2323 | D:4      | Killed a phantom
  2323 | D:4      | Reached skill level 6 in Maces & Flails
  2452 | D:4      | Noticed an ogre
  2453 | D:4      | Found a staircase to the Ecumenical Temple.
  2458 | D:4      | Killed an ogre
  2458 | D:4      | Reached XP level 6. HP: 46/56 MP: 5/5
  2465 | D:4      | Found Sutsaplib's Armour Boutique.
  2471 | Temple   | Entered the Ecumenical Temple
  2816 | D:4      | Reached skill level 7 in Maces & Flails
  2953 | D:5      | Entered Level 5 of the Dungeon
  2953 | D:5      | Found a snail-covered altar of Cheibriados.
  2959 | D:5      | Noticed Duvessa
  2960 | D:5      | Noticed Dowan
  2977 | D:5      | Killed Duvessa
  2981 | D:5      | Killed Dowan
  2981 | D:5      | Reached XP level 7. HP: 53/63 MP: 6/6
  3176 | D:5      | Noticed Sigmund
  3191 | D:5      | Killed Sigmund
  3191 | D:5      | Reached skill level 8 in Maces & Flails
  3312 | D:5      | Found a runed door.
  3316 | D:5      | Noticed Crazy Yiuf
  3321 | D:5      | Killed Crazy Yiuf
  3477 | D:5      | Reached skill level 9 in Maces & Flails
  3728 | D:5      | Reached XP level 8. HP: 72/73 MP: 7/7
  3896 | D:6      | Noticed Pikel
  3908 | D:6      | Killed Pikel
  3908 | D:6      | Reached skill level 10 in Maces & Flails
  3958 | D:6      | Noticed Prince Ribbit
  4225 | D:6      | Noticed eXcel's ghost (novice OgBe)
  4627 | D:6      | Killed Prince Ribbit
  4627 | D:6      | Reached skill level 11 in Maces & Flails
  4791 | D:7      | Found a hazy altar of Hepliaklqana.
  4796 | D:7      | Reached XP level 9. HP: 63/82 MP: 8/8
  5128 | D:7      | Reached skill level 12 in Maces & Flails
  5576 | D:8      | Found a radiant altar of Vehumet.
  6388 | D:8      | Found an iron altar of Okawaru.
  6402 | D:8      | Became a worshipper of Warmaster Okawaru
  6412 | D:8      | Found a deep blue altar of Sif Muna.
  6420 | D:8      | Found an opulent altar of Gozag.
  6421 | D:8      | Found a shattered altar of Ashenzari.
  6421 | D:8      | Found a glowing golden altar of the Shining One.
  6424 | D:8      | Reached skill level 13 in Maces & Flails
  6635 | D:8      | Found an ancient bone altar of Kikubaaqudgha.
  6687 | D:8      | Reached skill level 10 in Fighting
  6795 | D:8      | Reached * piety under Okawaru
  7123 | D:9      | Reached XP level 10. HP: 94/94 MP: 9/9
  7215 | D:9      | Found a staircase to the Orcish Mines.
  7230 | D:9      | Got a jewelled ring mail
  7241 | D:9      | Identified the cursed +0 ring mail of Unambiguity {rElec MR++ MP+9 Dex-3} (You found it on level 9 of the Dungeon)
  7390 | D:9      | Reached skill level 14 in Maces & Flails
  7705 | D:9      | Reached ** piety under Okawaru
  8328 | D:9      | Reached skill level 15 in Maces & Flails
  8414 | D:10     | Entered Level 10 of the Dungeon
  8519 | D:10     | Reached *** piety under Okawaru
  8683 | D:10     | Noticed a hill giant
  8695 | D:10     | Killed a hill giant
  8963 | D:10     | Reached XP level 11. HP: 104/104 MP: 10/10
  9236 | D:10     | Found a staircase to the Lair.
  9242 | D:10     | Reached **** piety under Okawaru
  9316 | D:10     | Reached skill level 16 in Maces & Flails
 10330 | D:11     | Reached ***** piety under Okawaru
 10363 | D:11     | Reached skill level 1 in Dodging
 10468 | D:11     | Killed an unseen horror
 10468 | D:11     | Received a gift from Okawaru
 10471 | D:11     | Got a pair of distressingly furry boots {god gift}
 10477 | D:11     | Identified the +0 pair of boots "Riviude" {rF+} (Okawaru gifted it to you on level 11 of the Dungeon)
 11200 | D:12     | Reached skill level 5 in Armour
 11249 | D:12     | Noticed a deep elf mage
 11263 | D:12     | Killed a deep elf mage
 11271 | D:12     | Reached skill level 17 in Maces & Flails
 11542 | Lair:1   | Entered Level 1 of the Lair of Beasts
 11907 | Lair:1   | HP: 2/107 [blink frog (13)]
 11920 | Lair:1   | HP: 4/107 [blink frog (6)]
 12004 | Lair:1   | Reached XP level 12. HP: 20/115 MP: 11/11
 12096 | Lair:1   | HP: 5/115 [poisoned by a spiny frog]
 12101 | Lair:1   | HP: 4/115 [poisoned by a spiny frog]
 12106 | Lair:1   | HP: 3/115 [poisoned by a spiny frog]
 12113 | Lair:1   | HP: 3/115 [poisoned by a spiny frog]
 12121 | Lair:1   | HP: 3/115 [poisoned by a spiny frog]
 12137 | Lair:1   | Slain by a blink frog

Skill      XL: |  1  2  3  4  5  6  7  8  9 10 11 |
---------------+----------------------------------+-----
Maces & Flails | 3 4 5 6 7 9 11 13 15 17 | 17.1
Fighting       | 4 5 6 7 8 10 11 13 | 13.1
Armour         | 6 |  6.2
Dodging        | 4 |  4.2
Shields        | |  3.6

Action                   |  1- 3 |  4- 6 |  7- 9 | 10-12 || total
-------------------------+-------+-------+-------+-------++-------
Melee: Flail             |    74 |   149 |   349 |   586 ||  1158
       Headbutt          |     8 |    26 |    72 |   107 ||   213
       Punch             |       |       |       |     1 ||     1
Invok: Heroism           |       |       |       |     5 ||     5
  Use: Scroll            |     4 |     8 |     9 |     4 ||    25
       Potion            |       |       |       |     4 ||     4
  Eat: Chunk             |       |     7 |    13 |    20 ||    40
Armor: Scale mail        |    37 |     6 |       |       ||    43
       Chain mail        |       |   104 |   203 |     4 ||   311
       Ring mail         |       |       |       |   321 ||   321
Dodge: Dodged            |    26 |    63 |   103 |   291 ||   483
